 Dungeon Crawl Stone Soup version 0.20-a0-299-gec7c366 (webtiles) character file.

10216 pkoi the Archer (level 11, -1/95 HPs)
             Began as a Centaur Hunter on Dec 14, 2016.
             Was a High Priest of Okawaru.
             Slain by a troll (8 damage)
             ... on level 10 of the Dungeon on Dec 15, 2016.
             The game lasted 00:52:09 (18243 turns).

pkoi the Archer (Centaur Hunter)                   Turns: 18243, Time: 00:52:10

Health: -1/95      AC: 20    Str: 17    XL:     11   Next: 33%
Magic:  12/12      EV: 11    Int: 10    God:    Okawaru [*****.]
Gold:   293        SH:  0    Dex: 13    Spells: 9/10 levels left

rFire  . . .     SeeInvis .     b - +0 scimitar
rCold  . . .     Gourm    +     H - +5 leather armour of Instinct {MR+}
rNeg   . . .     Faith    .     (no shield)
rPois  .         Spirit   .     (no helmet)
rElec  .         Reflect  .     p - +1 cloak
rCorr  .         Harm     .     n - +0 pair of gloves
MR     ++...                    s - +1 centaur barding {Stlth+}
Stlth  ++........               o - amulet of the gourmand
                                E - +3 ring of protection
                                M - ring of protection from magic

@: very quick
A: hooves 3, deformed body, speed 2, strong 1, tough skin 3, MP-powered wands
a: Heroism, Finesse, Renounce Religion


You were on level 10 of the Dungeon.
You worshipped Okawaru.
Okawaru was extremely pleased with you.
You were very full.

You visited 2 branches of the dungeon, and saw 12 of its levels.
You visited 1 bazaar.

You collected 531 gold pieces.
You spent 238 gold pieces at shops.

Inventory:

Hand Weapons
 a - the +5 shortbow of Compassion {speed, rC+}
   (You found it on level 10 of the Dungeon)

   Attacks with this weapon are significantly faster.
   It protects you from cold.
 b - a +0 scimitar (weapon)
Missiles
 d - 41 arrows
Armour
 n - a +0 pair of gloves (worn)
 p - a +1 cloak (worn)
 s - a +1 centaur barding of stealth (worn)
 H - the +5 leather armour of Instinct (worn) {MR+}
   (You bought it in a shop in a bazaar)

   It affects your resistance to hostile enchantments.
Jewellery
 o - an amulet of the gourmand (around neck)
 u - an uncursed amulet of rage
 B - the amulet "Bofonar" {Spirit Stlth+}
   (You acquired it on level 7 of the Dungeon)

   [amulet of guardian spirit]

   It causes incoming damage to be split between your health and magic.
   It makes you more stealthy.
 E - a +3 ring of protection (right hand)
 I - an uncursed ring of protection from cold
 M - a ring of protection from magic (left hand)
Wands
 h - a wand of iceblast (4/15)
 v - a wand of disintegration (10/24)
 x - a wand of acid (8/15)
 y - a wand of slowing (22/48)
 A - a wand of iceblast (14/15)
 Q - a wand of teleportation (3/9)
 T - a wand of disintegration (13/24)
Scrolls
 e - a scroll of remove curse
 i - 2 scrolls of identify
 j - 4 scrolls of fear
 k - 4 scrolls of teleportation
 l - 2 scrolls of enchant weapon
 D - 2 scrolls of enchant armour
 G - a scroll of silence
 O - a scroll of fog
 R - a scroll of recharging
Potions
 m - 2 potions of curing
 q - a potion of haste
 t - a potion of might
 w - a potion of cancellation
 z - a potion of cure mutation
 C - a potion of flight
 J - a potion of brilliance
 K - a potion of agility
 S - a potion of magic
Books
 F - a book of Cantrips

   Spells                             Type                      Level
   a - Confusing Touch                Hexes                        1
   b - Animate Skeleton               Necromancy                   1
   c - Summon Small Mammal            Summoning                    1
   d - Apportation                    Translocation                1
Comestibles
 f - 11 bread rations
 g - 5 meat rations
 r - a slice of pizza


   Skills:
 + Level 8.8 Fighting
 - Level 7.0 Long Blades
 + Level 14.1 Bows
 + Level 6.6 Dodging
 - Level 0.4 Stealth
 - Level 2.2 Invocations


You had 9 spell levels left.
You knew the following spells:

 Your Spells              Type           Power        Failure   Level  Hunger
a - Apportation           Tloc           #.........   47%         1    ##.....


Dungeon Overview and Level Annotations

Branches:
Dungeon (11/15)            Temple (1/1) D:4            Lair (0/6) D:11
    Orc (0/2) D:11

Altars:
Ashenzari
Cheibriados
Dithmenos
Elyvilon
Fedhas
Gozag
Hepliaklqana
Kikubaaqudgha
Makhleb
Nemelex Xobeh
Okawaru
Qazlal
Ru
Sif Muna
Trog
Uskayaw
Vehumet
Xom
Yredelemnul
Zin
The Shining One

Annotations:
D:7 Joseph


Innate Abilities, Weirdness & Mutations

You have hooves in place of feet.
Armour fits poorly on your strangely shaped body.
You cover ground very quickly.
You have extremely tough skin. (AC +3)
Your muscles are strong. (Str +2)
You expend magic power (3 MP) to strengthen your wands.


Message History

The troll claws you but does no damage. The troll bites you but does no damage.
The troll barely misses you. The troll closely misses you.
You hit the orc.
The orc is almost dead.
The orc hits you with a mace of protection.
The troll bites you but does no damage. The troll claws you!
The troll claws you but does no damage. The troll bites you!
The troll claws you but does no damage. The troll claws you!
* * * LOW HITPOINT WARNING * * *
You hit the orc.
You kill the orc!
Okawaru accepts your kill. The troll bites you!
* * * LOW HITPOINT WARNING * * *
The troll claws you!
* * * LOW HITPOINT WARNING * * *
The troll claws you.
* * * LOW HITPOINT WARNING * * *
The troll bites you!
You die...

#...)#
#................#..##
#..#.#
#.............##...###
#..#.#
#...........#.###.## #
#..#.#
#......(..........#
#..#.#
#..........##.##..#
#..#.#
#........####(##..####
#..#.# #.###....#
#.##......
#..#.#####)###T#.##
#.##.#####
#.......).(..T@.[#
#.........
#.##.####.####)###
##########
#.##......####[#
#.......<..))..#
################


You could see 2 trolls.

Vanquished Creatures
  Erolcha (D:10)
  A two-headed ogre (D:9)
  The ghost of ChampionHyena the Cleaver, a novice MiBe of Trog (D:8)
  3 ugly things
  A troll (D:9)
  4 hippogriffs
  5 yaks (D:10)
  A wraith (D:10)
  The ghost of oldriver the Shield-Bearer, an amateur FoFi of Okawaru (D:4)
  2 hungry ghosts
  A steam dragon (D:9)
  A water moccasin (D:10)
  3 orc warriors (D:10)
  A sky beast (D:10)
  A black bear (D:8)
  2 ice beasts
  2 phantoms
  9 ogres
  A centaur (D:8)
  2 bullfrogs (D:6)
  A wyvern zombie (D:6)
  4 scorpions
  12 killer bees
  A water moccasin skeleton (D:9)
  6 wights
  A howler monkey (D:10)
  A crimson imp (D:6)
  A centaur zombie (D:7)
  A centaur skeleton (D:11)
  2 hounds
  3 jellies
  5 gnoll shamans
  2 orc priests
  10 orc wizards
  5 iguanas
  6 worker ants
  A worker ant zombie (D:7)
  45 gnolls
  21 adders
  2 shadow imps
  2 oozes
  An adder skeleton (D:5)
  4 worms
  12 leopard geckos
  39 orcs
  A ball python (D:5)
  7 bats
  9 giant cockroaches
  13 goblins
  8 hobgoblins
  25 jackals
  17 kobolds
  7 quokkas
  2 frilled lizards
  A jackal zombie (D:8)
  A leopard gecko skeleton (D:4)
  A leopard gecko zombie (D:6)
  A quokka skeleton (D:4)
  10 rats
334 creatures vanquished.

Vanquished Creatures (others)
  A plant (D:1)
1 creature vanquished.

Grand Total: 335 creatures vanquished

Notes
Turn   | Place    | Note
-------+----------+-------------------------------------------
     0 | D:1      | pkoi the Centaur Hunter began the quest for the Orb.
     0 | D:1      | Reached XP level 1. HP: 17/17 MP: 1/1
   149 | D:1      | Reached XP level 2. HP: 16/24 MP: 2/2
   194 | D:1      | Reached skill level 6 in Bows
   738 | D:1      | Reached XP level 3. HP: 26/29 MP: 3/3
  1440 | D:2      | Reached skill level 7 in Bows
  1892 | D:2      | Reached XP level 4. HP: 31/36 MP: 4/4
  2356 | D:2      | Reached skill level 8 in Bows
  2408 | D:2      | Found a deep blue altar of Sif Muna.
  2847 | D:3      | Reached XP level 5. HP: 23/41 MP: 5/5
  3590 | D:3      | Reached skill level 9 in Bows
  4257 | D:3      | Reached skill level 1 in Long Blades
  4752 | D:4      | Reached XP level 6. HP: 41/48 MP: 6/6
  5578 | D:4      | Found a staircase to the Ecumenical Temple.
  5625 | Temple   | Entered the Ecumenical Temple
  5735 | Temple   | Became a worshipper of Warmaster Okawaru
  5861 | D:4      | Noticed oldriver's ghost (amateur FoFi)
  6247 | D:4      | Reached XP level 7. HP: 30/56 MP: 7/7
  6440 | D:4      | Reached skill level 10 in Bows
  6714 | D:4      | Gained mutation: You expend magic power (3 MP) to strengthen your wands. [potion of mutation]
  6714 | D:4      | Gained mutation: Your muscles are strong. (Str +2) [potion of mutation]
  7295 | D:5      | Entered Level 5 of the Dungeon
  7308 | D:4      | Reached skill level 1 in Invocations
  7696 | D:5      | Found a shattered altar of Ashenzari.
  7807 | D:5      | Reached * piety under Okawaru
  8759 | D:6      | Reached XP level 8. HP: 60/63 MP: 9/9
  9172 | D:6      | HP: 2/64 [wyvern zombie (12)]
  9651 | D:7      | Noticed a cyclops
 10182 | D:7      | Noticed Joseph
 10330 | D:4      | Reached ** piety under Okawaru
 10330 | D:4      | Reached skill level 11 in Bows
 10596 | D:4      | Upgraded the game from 0.20-a0-296-gf222164 to 0.20-a0-299-gec7c366
 10974 | D:4      | Killed oldriver's ghost
 10974 | D:4      | Reached XP level 9. HP: 68/73 MP: 10/10
 11191 | D:4      | Reached skill level 5 in Fighting
 11191 | D:4      | Reached skill level 5 in Long Blades
 11846 | D:4      | Noticed a stone giant
 12741 | D:7      | Identified a scroll of acquirement
 12742 | D:7      | Got a fine silver amulet
 12744 | D:7      | Identified the amulet "Bofonar" {Spirit Stlth+} (You acquired it on level 7 of the Dungeon)
 12753 | D:7      | Learned a level 1 spell: Apportation
 12785 | D:7      | Reached skill level 12 in Bows
 12793 | D:7      | Reached *** piety under Okawaru
 13176 | D:8      | Noticed ChampionHyena's ghost (novice MiBe)
 13280 | D:8      | Killed ChampionHyena's ghost
 13764 | D:8      | Reached XP level 10. HP: 83/83 MP: 11/11
 14431 | D:8      | Reached skill level 5 in Dodging
 15095 | D:9      | Received a gift from Okawaru
 15120 | D:9      | Reached **** piety under Okawaru
 15404 | D:10     | Entered Level 10 of the Dungeon
 15404 | D:10     | Noticed a two-headed ogre
 15442 | D:9      | Killed a two-headed ogre
 15442 | D:9      | Reached skill level 13 in Bows
 16426 | D:10     | Reached ***** piety under Okawaru
 16454 | D:10     | Received a gift from Okawaru
 16454 | D:10     | Reached XP level 11. HP: 85/94 MP: 9/12
 16514 | D:10     | Got a slimy shortbow
 16515 | D:10     | Identified the +5 shortbow of Compassion {speed, rC+} (You found it on level 10 of the Dungeon)
 16792 | D:11     | Noticed a red ugly thing
 16814 | D:11     | Killed a red ugly thing
 16825 | D:11     | Found a flickering gateway to a bazaar.
 16828 | D:11     | Found a staircase to the Lair.
 16833 | Bazaar   | Entered a bazaar
 17131 | Bazaar   | Found Pimeamp's Antique Weapon Emporium.
 17146 | Bazaar   | Found Miaroj's Book Shoppe.
 17161 | Bazaar   | Found Xenun's Antique Armour Shoppe.
 17198 | Bazaar   | Bought a distressingly furry leather armour for 238 gold pieces
 17238 | Bazaar   | Identified the +5 leather armour of Instinct {MR+} (You bought it in a shop in a bazaar)
 17295 | D:11     | Noticed a red ugly thing
 17371 | D:11     | Noticed Erolcha
 17743 | D:10     | Noticed a cyan ugly thing
 17763 | D:10     | Killed a cyan ugly thing
 17885 | D:10     | Killed a red ugly thing
 17885 | D:10     | Reached skill level 14 in Bows
 17887 | D:10     | Received a gift from Okawaru
 17908 | D:10     | Killed Erolcha
 18243 | D:10     | Slain by a troll

Vault maps used:
D:1:      sevenhm_arrival_forest_fort_small_4, lexackson_kobold_supper
D:2:      kennysheep_six_static_rooms, led_sif_pool
D:3:      minmay_misc_feat_more_columns
D:4:      lemuel_castle_with_subvaults, first_bread
D:5:      basic_altar
D:6:      kennysheep_decorative_pillar, grunt_ministairs_11
D:7:      grunt_livestock, uniq_crazy_yiuf_cottage, uniq_joseph
D:11:     lair_entry_dummy, david_orc_2, serial_shops, bzr_entry_lakeside,
          hex_medium, st_stairs_10, evilmike_surprise_oklob, uniq_erolcha
Temple:   kilobyte_greek_temple
Bazaar:   bazaar_short_row

Skill      XL: |  1  2  3  4  5  6  7  8  9 10 11 |
---------------+----------------------------------+-----
Bows           | 6 7 8 9 10 11 12 13 14 | 14.1
Long Blades    | 1 2 3 4 6 7 |  7.0
Invocations    | 2 |  2.2
Fighting       | 3 4 6 8 |  8.8
Dodging        | 2 3 4 6 |  6.6
Stealth        | |  0.4

Action                   |  1- 3 |  4- 6 |  7- 9 | 10-12 || total
-------------------------+-------+-------+-------+-------++-------
Melee: Short sword       |   162 |    68 |       |       ||   230
       Kick              |    37 |    64 |   140 |    26 ||   267
       Falchion          |       |   184 |   383 |    13 ||   580
       Scimitar          |       |       |       |    89 ||    89
 Fire: Shortbow          |    54 |   113 |   304 |   364 ||   835
  Use: Scroll            |       |       |    17 |    12 ||    29
       Potion            |       |       |     5 |       ||     5
 Stab: Sleeping          |       |       |     1 |       ||     1
  Eat: Chunk             |     2 |    25 |    30 |    24 ||    81
Armor: Leather armour    |    51 |    96 |   141 |   107 ||   395
       Steam dragon scal |       |       |       |    37 ||    37
Dodge: Dodged            |    89 |   169 |   240 |   173 ||   671
       Rpst.: Falchion   |       |    35 |    70 |     9 ||   114
       Scimitar          |       |       |       |    24 ||    24
